 Dungeon Crawl Stone Soup version 0.23.2-33-g5129a83184 (webtiles) character file.

Game seed: 6100949398069042445

720 haesbaert the Magician (level 7, -13/36 HPs)
             Began as a Deep Elf Fire Elementalist on July 13, 2019.
             Killed from afar by Dowan (14 damage)
             ... with a stone arrow
             ... on level 4 of the Dungeon.
             The game lasted 00:18:50 (5917 turns).

haesbaert the Magician (Deep Elf Fire Elementalist) Turns: 5917, Time: 00:18:51

Health: -13/36     AC:  3    Str:  7    XL:     7   Next: 42%
Magic:  4/19       EV: 12    Int: 22    God:
Gold:   236        SH:  0    Dex: 15    Spells: 2/19 levels left

rFire    + . .     SeeInvis .   d - +1 short sword
rCold    + + .     Gourm    .   (no shield)
rNeg     . . .     Faith    .   a - +1 robe
rPois    .         Spirit   .   (no helmet)
rElec    .         Reflect  .   e - scarf {rC+ rF+}
rCorr    .         Harm     .   (no gloves)
MR       .....                  (no boots)
Stlth    +.........             (no amulet)
HPRegen  0.12/turn              l - ring of protection from cold
MPRegen  0.16/turn              o - ring of attention (curse)

@: drained
A: strong 1
a: no special abilities


You were on level 4 of the Dungeon.
You were very hungry.

You visited 1 branch of the dungeon, and saw 5 of its levels.

You collected 236 gold pieces.

Inventory:

Hand Weapons
 d - a +1 short sword (weapon)
Armour
 a - a +1 robe (worn)
 e - a scarf of resistance (worn)
 f - a +0 crystal plate armour
Jewellery
 l - a ring of protection from cold (left hand)
 o - a cursed ring of attention (right hand)
Wands
 h - a wand of polymorph (9)
Scrolls
 i - a scroll of fog
 j - 3 scrolls of teleportation
Potions
 b - a potion of mutation
Comestibles
 c - 4 rations


   Skills:
 - Level 2.4(1.6) Dodging
 - Level 2.4(1.6) Stealth
 + Level 6.8(5.9) Spellcasting
 + Level 5.2(4.3) Conjurations
 + Level 6.1(5.2) Fire Magic


You had 2 spell levels left.
You knew the following spells:

 Your Spells              Type           Power        Failure   Level  Hunger
a - Sticky Flame          Conj/Fire      ####....     13%         4    ###....
b - Throw Flame           Conj/Fire      ####..       1%          2    None
c - Conjure Flame         Conj/Fire      ####....     3%          3    #......
d - Flame Tongue          Conj/Fire      ####.        1%          1    None
e - Fireball              Conj/Fire      ####......   34%         5    #####..
h - Blink                 Tloc           N/A          14%         2    None

Your spell library contained the following spells:

 Spells                   Type           Power        Failure   Level  Hunger
 Magic Dart               Conj           ####         1%          1    None
 Call Imp                 Summ           #.......     14%         2    None
 Slow                     Hex            #.......     14%         2    None
 Inner Flame              Hex/Fire       ###.....     10%         3    #......
 Mephitic Cloud           Conj/Pois/Air  ##......     16%         3    #......


Dungeon Overview and Level Annotations

Branches:
Dungeon (5/15)
 Temple: D:4-7

Altars:
Kikubaaqudgha

Annotations:
D:4 Dowan


Innate Abilities, Weirdness & Mutations

Your muscles are strong. (Str +2)


Message History

You are no longer glowing.
You start resting.
Dowan is too close now for your liking.
Evoke which item? (* to show all) (? for menu, Esc to quit)
Aiming: Polymorph
Press: ? - help, Shift-Dir - straight line, f - Dowan
Aim: Dowan, wielding a +0 dagger and wearing a +0 robe (fast, chance to defeat MR: 46%) Dowan resists with some effort.
Dowan hits you with a +0 dagger.
Casting: Conjure Flame (safe; 3% risk of failure)
Confirm with . or Enter, or press ? or * to list all spells.
You don't have enough magic to cast that spell.
Dowan points at you and mumbles some strange words.
The stone arrow hits you.
* * * LOW HITPOINT WARNING * * *
Dowan casts a spell at you. The stone arrow hits you!
* * * LOW HITPOINT WARNING * * *
Dowan casts a spell at you. The stone arrow hits you!
You die...

..e...e......###.##
#...........#
#...........#
#...........#
#...........# #####
#...........# #...#
######.######
#.#.#####...e.#
#.#...@.#.#############
#.#####.#.#............
#.# #e#.##.##########
#.# #.#....# #.....#.
#.# #.###).# #.###.#.
######.#####.#...e#
#.#...#.
#.......#....#.##.#
#.#.###.
#.#######.####.##.#
#.#....# #.#...#
#.####.##.# #.###...


You could see Dowan.

Vanquished Creatures
  Duvessa (D:4)
  A phantom (D:4)
  A howler monkey (D:4)
  3 orc priests (D:4)
  An iguana (D:4)
  2 orc wizards (D:4)
  Natasha (thrice) (D:2)
  Terence (D:2)
  3 gnolls (D:3)
  9 adders
  4 oozes
  An adder skeleton (D:4)
  2 worms (D:2)
  A dart slug (D:3)
  6 leopard geckos
  11 orcs
  A giant cockroach (D:2)
  A goblin (D:2)
  4 hobgoblins
  10 jackals
  A quokka (D:2)
  8 bats
  A frilled lizard (D:2)
  6 kobolds
  A quokka skeleton (D:2)
  4 rats
87 creatures vanquished.

Vanquished Creatures (others)
  A human (D:3)
  A fire vortex (D:4)
  A plant (D:1)
3 creatures vanquished.

Grand Total: 90 creatures vanquished

Notes
Turn   | Place    | Note
-------+----------+-------------------------------------------
     0 | D:1      | haesbaert the Deep Elf Fire Elementalist began the quest
                  | for the Orb.
     0 | D:1      | Reached XP level 1. HP: 10/10 MP: 6/6
   486 | D:1      | Reached XP level 2. HP: 15/15 MP: 6/8
   630 | D:1      | Learned a level 2 spell: Throw Flame
   687 | D:1      | Gained mutation: You are resistant to hostile enchantments.
                  | (MR+) [potion of mutation]
   687 | D:1      | Gained mutation: Your muscles are strong. (Str +2) [potion
                  | of mutation]
   687 | D:1      | Gained mutation: You evolve. [potion of mutation]
  1174 | D:2      | Noticed Natasha
  1176 | D:2      | Noticed a crimson imp
  1183 | D:2      | Killed Natasha
  1183 | D:2      | Reached XP level 3. HP: 19/19 MP: 0/10
  1406 | D:2      | Lost mutation: You are resistant to hostile enchantments.
                  | (MR+) [evolution]
  1406 | D:2      | Lost mutation: You evolve. [end of evolution]
  1456 | D:2      | Noticed Terence
  1461 | D:2      | Learned a level 3 spell: Conjure Flame
  1500 | D:2      | Killed Terence
  1500 | D:2      | Reached XP level 4. HP: 24/24 MP: 3/12
  1865 | D:2      | Found a faded altar of an unknown god.
  1913 | D:2      | Learned a level 4 spell: Sticky Flame
  1932 | D:2      | Noticed Natasha
  1998 | D:2      | Killed Natasha
  2060 | D:2      | Noticed Natasha
  2067 | D:2      | Killed Natasha
  2067 | D:2      | Reached XP level 5. HP: 27/28 MP: 5/14
  2618 | D:3      | Reached skill level 5 in Spellcasting
  2696 | D:3      | You fall through a shaft for 2 floors!
  2696 | D:5      | Entered Level 5 of the Dungeon
  3100 | D:4      | Learned a level 2 spell: Blink
  3141 | D:4      | Reached skill level 5 in Fire Magic
  3404 | D:4      | Reached XP level 6. HP: 32/32 MP: 8/16
  4359 | D:3      | Found an ancient bone altar of Kikubaaqudgha.
  4362 | D:3      | Noticed a human
  4364 | D:3      | Killed a human
  5015 | D:4      | Reached XP level 7. HP: 30/36 MP: 7/18
  5066 | D:4      | Learned a level 5 spell: Fireball
  5328 | D:4      | Noticed Dowan
  5328 | D:4      | Noticed Duvessa
  5894 | D:4      | Killed Duvessa
  5894 | D:4      | Reached skill level 5 in Conjurations
  5916 | D:4      | HP: 1/36 [Dowan/stone arrow (10)]
  5917 | D:4      | Killed from afar by Dowan

Skill      XL: |  1  2  3  4  5  6  7 |
---------------+----------------------+-----
Conjurations   | 2 3 4 5 |  5.2
Spellcasting   | 4 5 6 |  6.8
Fire Magic     | 4 5 6 |  6.1
Dodging        | |  2.4
Stealth        | |  2.4

Action                   |  1- 3 |  4- 6 |  7- 9 || total
-------------------------+-------+-------+-------++-------
Melee: Short sword       |    81 |    17 |     5 ||   103
       Unarmed           |       |     7 |       ||     7
 Cast: Flame Tongue      |    41 |    70 |     4 ||   115
       Throw Flame       |     5 |     9 |     1 ||    15
       Conjure Flame     |     1 |    16 |     3 ||    20
       Sticky Flame      |       |    20 |     9 ||    29
       Fireball          |       |       |     2 ||     2
Evoke: Wand              |       |     3 |     1 ||     4
  Use: Scroll            |     2 |     7 |     2 ||    11
       Potion            |     1 |     1 |       ||     2
 Stab: Confused          |       |     2 |       ||     2
  Eat: Chunk             |     2 |    14 |     4 ||    20
Armor: Robe              |     6 |     3 |     2 ||    11
       Skin              |       |     1 |       ||     1
Dodge: Dodged            |    17 |    31 |    11 ||    59
